 Dungeon Crawl Stone Soup version 0.26-a0-863-g3bff4b215c (webtiles) character file.

Game seed: 10750223193067223918

7411 sahdkjhfkaj the Cleaver (level 10, -13/91 HPs)
             Began as a Minotaur Abyssal Knight on Nov 25, 2020.
             Was an Elder of Lugonu.
             Killed from afar by a deep elf mage (28 damage)
             ... with a bolt of magma
             ... on level 10 of the Dungeon.
             The game lasted 00:17:11 (11415 turns).

sahdkjhfkaj the Cleaver (Minotaur Abyssal Knight)  Turns: 11415, Time: 00:17:12

Health: -13/91     AC: 12    Str: 19    XL:     10   Next: 92%
Magic:  13/13      EV: 10    Int:  9    God:    Lugonu [****..]
Gold:   699        SH:  5    Dex: 15    Spells: 9/9 levels left

rFire    . . .     SeeInvis +   a - +2 dagger (venom)
rCold    . . .     Faith    .   (no shield)
rNeg     . . .     Spirit   .   w - +5 scale mail "Boweos" {Dex+4}
rPois    .         Reflect  +   (helmet restricted)
rElec    .         Harm     .   q - +0 cloak
rCorr    +         Rampage  .   (no gloves)
MR       .....                  (no boots)
Stlth    ..........             k - amulet of reflection
HPRegen  0.25/turn              x - ring of resist corrosion
MPRegen  0.13/turn              v - ring of see invisible

@: about to teleport
A: retaliatory headbutt, horns 2
a: Depart the Abyss, Bend Space, Banish, Corrupt, Renounce Religion


You were on level 10 of the Dungeon.
You worshipped Lugonu.
Lugonu was greatly pleased with you.
You visited 2 branches of the dungeon, and saw 11 of its levels.
You visited the Abyss 1 time.

You collected 699 gold pieces.

Inventory:

Hand Weapons
 a - a +2 dagger of venom (weapon)
 b - a +0 war axe
Armour
 q - a +0 cloak (worn)
 w - the +5 scale mail "Boweos" (worn) {Dex+4}
   (You found it on level 4 of the Dungeon)

   It affects your dexterity (+4).
Jewellery
 k - an amulet of reflection (around neck)
 v - a ring of see invisible (right hand)
 x - a ring of resist corrosion (left hand)
Wands
 r - a wand of flame (57)
 A - a wand of digging (14)
 B - a wand of iceblast (13)
 C - a wand of acid (5)
Scrolls
 c - 9 scrolls of remove curse {!r}
 d - a scroll of teleportation {!r}
 g - a scroll of noise {!r, unknown}
 j - 4 scrolls of enchant weapon {!r}
 m - 2 scrolls of fog {!r}
 n - a scroll of fear {!r}
 p - 2 scrolls of magic mapping {!r}
 s - a scroll of immolation {!r}
 t - 3 scrolls of amnesia {!r}
 E - a scroll of enchant armour {!r}
Potions
 e - a potion of cancellation {!q}
 f - 2 potions of brilliance {!q}
 h - 2 potions of flight {!q}
 i - 4 potions of haste {!q}
 l - 5 potions of might {!q}
 o - 4 potions of mutation {!q}
 u - 2 potions of resistance {!q}
 z - a potion of magic {!q, unknown}
 D - 2 potions of lignification {!q, unknown}
 F - a potion of heal wounds {!q, unknown}


   Skills:
 - Level 9.0 Fighting
 - Level 14.9(15.0) Axes
 - Level 2.4(10.3) Polearms
 - Level 2.4 Armour
 - Level 1.1 Dodging
 + Level 5.8 Invocations
 - Level 5.0 Evocations


You had 9 spell levels left.
You didn't know any spells.
Your spell library contained the following spells:

 Spells                   Type           Power        Failure   Level
 Animate Skeleton         Necr           #.....       77%         1
 Apportation              Tloc           #.....       77%         1
 Corona                   Hex            #......      77%         1
 Summon Small Mammal      Summ           #...         77%         1


Dungeon Overview and Level Annotations

Branches:
Dungeon (10/15)            Temple (1/1) D:7            Lair (0/6) D:10
    Orc (0/2) D:9

Altars:
Ashenzari
Cheibriados
Dithmenos
Elyvilon
Fedhas
Gozag
Hepliaklqana
Kikubaaqudgha
Makhleb
Nemelex Xobeh
Okawaru
Qazlal
Ru
Sif Muna
Trog
Uskayaw
Vehumet
Wu Jian
Xom
Yredelemnul
Zin
The Shining One

Shops:
D:9 *

Annotations:
D:6 3 runed translucent doors, exclusion: oklob plant, miscthings's ghost, novice OgFE
D:10 Fannar


Innate Abilities, Weirdness & Mutations

You reflexively headbutt those who attack you in melee.
You have a pair of horns on your head.


Message History

* * * LOW HITPOINT WARNING * * *
You kill the death yak!
Lugonu accepts your kill.
Training target 15.0 for Axes reached!
You need to enable at least one skill for training.
A deep elf mage comes into view. It is wielding a +0 long sword.
Found a scroll of amnesia.
Okay, then.
Really read
d - 2 scrolls of teleportation {!r}?
As you read the scroll of teleportation {!r}, it crumbles to dust.
You feel strangely unstable.
The deep elf mage hits you but does no damage.
The deep elf mage gestures wildly while chanting.
The deep elf mage gestures at you while chanting.
The stone arrow hits you!
* * * LOW HITPOINT WARNING * * *
The deep elf mage points at you and mumbles some strange words.
The bolt of magma hits the earth elemental.
The earth elemental partially resists.
The bolt of magma hits you!!
You die...

..... ...# #.. ..... ...# #..
#...# #..# #........# #.. #...#
#..# #........# #.. #...# #..#
#........# #?. #...######..#
#........# #..#####......†YYro#
#.eY.....#####........Y..####..r#
#...............@.YY...r.#


#rrr# ......# ###........Y....# #Yrr# S.....# #......E......# #.Y.# ##....#
#.............# #r..# #....# #.......e.....# #rr.# #....# #.....>.......# #or.#
#....# #.............# #...# #....######.........)...# #...#
#.......................# #.Y.. You could see a death yak, an earth elemental
(summoned), a deep elf mage, 2 yaks, an ice beast and a hell rat.

Vanquished Creatures
  A centaur warrior (D:9)
  A two-headed ogre (D:5)
  A death yak (D:10)
  A cyclops (D:9)
  Eustachio (D:4)
  10 yaks
  Duvessa (D:4)
  3 orc warriors
  An ice beast (D:8)
  A phantom (D:9)
  3 sky beasts
  4 ogres
  4 centaurs
  A bullfrog (D:8)
  Dowan (D:4)
  A scorpion (D:5)
  6 killer bees (D:8)
  13 wights
  3 howler monkeys (D:8)
  3 electric eels (D:3)
  A centaur zombie (D:8)
  2 orc priests
  3 hounds
  Crazy Yiuf (D:2)
  A centaur skeleton (D:6)
  A jelly (D:6)
  10 orc wizards
  Ijyb (D:5)
  Jessica (D:2)
  An iguana (D:8)
  A worker ant (D:4)
  A hound zombie (D:5)
  9 adders
  3 white imps
  3 ufetubi
  3 oozes
  A dart slug (D:1)
  4 leopard geckos
  33 orcs
  4 giant cockroaches
  7 goblins
  2 hobgoblins
  11 jackals
  6 kobolds
  2 quokkas
  A ball python (D:1)
  7 bats
  4 frilled lizards
  5 rats
  A spectral orc (D:2)
190 creatures vanquished.

Vanquished Creatures (others)
  A plant (D:3)
1 creature vanquished.

Grand Total: 191 creatures vanquished

Notes
Turn   | Place    | Note
-------+----------+-------------------------------------------
     0 | Abyss:1  | sahdkjhfkaj the Minotaur Abyssal Knight began the quest for
                  | the Orb.
     0 | Abyss:1  | Reached XP level 1. HP: 19/19 MP: 1/1
     0 | D:1      | Escaped the Abyss
   124 | D:1      | Reached XP level 2. HP: 28/28 MP: 2/2
   216 | D:1      | Reached * piety under Lugonu
   574 | D:1      | Reached skill level 5 in Fighting
   768 | D:1      | Reached XP level 3. HP: 36/36 MP: 3/3
  1042 | D:2      | Noticed Jessica
  1064 | D:2      | Killed Jessica
  1065 | D:2      | Reached XP level 4. HP: 39/44 MP: 4/4
  1469 | D:2      | Found a basalt altar of Yredelemnul.
  1666 | D:2      | Found a runed translucent door.
  1667 | D:2      | Noticed Crazy Yiuf
  1784 | D:2      | Killed Crazy Yiuf
  1785 | D:2      | Reached XP level 5. HP: 31/52 MP: 5/5
  1957 | D:3      | Found a bloodstained altar of Trog.
  2216 | D:3      | Found a hazy altar of Hepliaklqana.
  2231 | D:3      | Reached ** piety under Lugonu
  2262 | D:3      | Found a transporter.
  2284 | D:3      | Found a transporter.
  2489 | D:3      | Reached XP level 6. HP: 61/61 MP: 6/6
  2911 | D:4      | Found a snail-covered altar of Cheibriados.
  3042 | D:4      | Got a twisted scale mail
  3052 | D:4      | Identified the +5 scale mail "Boweos" {Dex+4} (You found it
                  | on level 4 of the Dungeon)
  3438 | D:4      | Reached skill level 1 in Axes
  3580 | D:4      | Reached skill level 3 in Axes
  3580 | D:4      | Reached XP level 7. HP: 70/70 MP: 7/7
  3812 | D:5      | Entered Level 5 of the Dungeon
  3812 | D:5      | Noticed Duvessa
  3814 | D:5      | Noticed Dowan
  3859 | D:4      | Killed Duvessa
  3860 | D:4      | Reached skill level 1 in Evocations
  3864 | D:4      | Killed Dowan
  4160 | D:5      | Reached skill level 4 in Axes
  4327 | D:5      | Reached skill level 5 in Axes
  4592 | D:5      | Noticed Eustachio
  4629 | D:4      | Killed Eustachio
  4630 | D:4      | Reached skill level 6 in Axes
  4630 | D:4      | Reached XP level 8. HP: 77/78 MP: 8/8
  4744 | D:5      | Noticed Ijyb
  4755 | D:5      | Killed Ijyb
  4772 | D:5      | Found a broken altar of Ashenzari.
  5255 | D:6      | Found a runed translucent gate.
  5255 | D:6      | Found a runed translucent gate.
  5255 | D:6      | Found a runed translucent gate.
  5255 | D:6      | Noticed miscthings's ghost (novice OgFE)
  5364 | D:6      | Reached skill level 5 in Evocations
  5454 | D:6      | Reached *** piety under Lugonu
  5572 | D:6      | Noticed a two-headed ogre
  5863 | D:5      | Killed a two-headed ogre
  5864 | D:5      | Reached skill level 8 in Axes
  5864 | D:5      | Reached XP level 9. HP: 67/83 MP: 8/11
  5990 | D:6      | Reached skill level 9 in Axes
  6334 | D:6      | Found a blossoming altar of Fedhas.
  6357 | D:6      | Noticed an oklob plant
  6617 | D:7      | Found a staircase to the Ecumenical Temple.
  6863 | Temple   | Entered the Ecumenical Temple
  7297 | D:7      | Found a sparkling altar of Nemelex Xobeh.
  7421 | D:7      | Reached skill level 10 in Axes
  7766 | D:8      | Reached skill level 11 in Axes
  8495 | D:8      | Found a radiant altar of Vehumet.
  8930 | D:9      | Found an iron altar of Okawaru.
  8964 | D:9      | Reached skill level 5 in Invocations
  9077 | D:9      | Found a glowing silver altar of Zin.
  9080 | D:9      | Found Zin's Purification Station.
  9117 | D:9      | Found a staircase to the Orcish Mines.
  9144 | D:9      | Reached skill level 12 in Axes
  9144 | D:9      | Reached XP level 10. HP: 56/91 MP: 12/12
  9318 | D:9      | Found a stormy altar of Qazlal.
  9532 | D:9      | Noticed a centaur warrior
  9532 | D:9      | Noticed a cyclops
  9554 | D:9      | Killed a centaur warrior
  9867 | D:9      | Killed a cyclops
  9868 | D:9      | Reached skill level 13 in Axes
 10730 | D:10     | Entered Level 10 of the Dungeon
 10738 | D:10     | Reached **** piety under Lugonu
 10739 | D:10     | Reached skill level 14 in Axes
 11364 | D:10     | Noticed Fannar
 11373 | D:10     | Noticed a death yak
 11373 | D:10     | Noticed a death yak
 11375 | D:10     | Found a staircase to the Lair.
 11375 | D:10     | Noticed a death yak
 11405 | D:10     | Killed a death yak
 11408 | D:10     | Noticed a deep elf mage
 11415 | D:10     | Killed from afar by a deep elf mage

Illustrated notes

Levels and vault maps discovered:
D:1:      tarquinn_simple_flora_water_b, layout_basic
D:2:      layout_loops_ring, yredelemnul_forgotten_temple_becter, uniq_jessica,
          uniq_crazy_yiuf_cottage
D:3:      gammafunk_steamed_eel, layout_rooms, bloody_trog,
          general_overflow_altar, gup_sewer_entry_bowl
D:4:      mumra_celtic_spiral_tile, layout_basic, cheibriados_altar_1
D:5:      layout_cave_pools, ashenzari_altar_1, uniq_duvessa, uniq_eustachio,
          uniq_ijyb
D:6:      layout_cave_pools, gammafunk_ghost_necromancy, tgw_fedhas
D:7:      layout_gridville, nemelex_xobeh_ov_fountains_minmay,
          minmay_temple_entry_tees
D:8:      layout_loops_ring, vehumet_altar_wand_db
D:9:      kennysheep_big_flooded_room, layout_basic, zin_purify,
          okawaru_trees_2, david_orc_3, grunt_qazlal_clouds
D:10:     layout_small_grid, dpeg_lair_monsters, uniq_fannar
Temple:   zaba_magenta_temple

Skill      XL: |  1  2  3  4  5  6  7  8  9 10 |
---------------+-------------------------------+-----
Fighting       | 4 5 6 7 8 9 |  9.0
Axes           | 3 6 8 12 14 | 14.9
Evocations     | 3 5 |  5.0
Invocations    | 4 5 |  5.8
Polearms       | |  2.4
Armour         | |  2.4
Dodging        | |  1.1

Action                   |  1- 3 |  4- 6 |  7- 9 | 10-12 || total
-------------------------+-------+-------+-------+-------++-------
Melee: Spear             |    73 |   161 |   128 |       ||   362
       Headbutt          |     6 |    21 |   104 |    38 ||   169
       Dagger            |       |       |   111 |    74 ||   185
       War axe           |       |       |   115 |    66 ||   181
Invok: Depart the Abyss  |     1 |       |       |       ||     1
Evoke: Wand              |       |     3 |     4 |     1 ||     8
  Use: Scroll            |       |     7 |    11 |     5 ||    23
       Potion            |       |       |       |     1 ||     1
Armor: Leather armour    |    17 |    31 |       |       ||    48
       Scale mail        |       |     5 |   172 |    45 ||   222
Dodge: Dodged            |    41 |    73 |   167 |    60 ||   341
Block: Other             |       |     8 |    90 |    32 ||   130
       Reflection        |       |       |    10 |     5 ||    15

Table legend: (Time is in decaauts)
 A = Elapsed time spent in this place.
 B = Non-inter-level travel time spent in this place.
 C = Inter-level travel time spent in this place.
 D = Time resting spent in this place.
 E = Time spent auto-exploring this place.
 F = Levels seen in this place.
 G = Mean time per level.
                   A        B        C        D        E       F      G
               +--------+--------+--------+--------+--------+-----+--------+
         Total |  11417 |  10814 |    603 |   2259 |   6699 |  12 |  951.4 |
       Dungeon |  11315 |  10712 |    603 |   2259 |   6644 |  10 | 1131.5 |
        Temple |    102 |    102 |      0 |      0 |     55 |   1 |  102.0 |
         Abyss |      0 |      0 |      0 |      0 |      0 |   1 |    0.0 |
               +--------+--------+--------+--------+--------+-----+--------+

Top non-repeatable levels by time:
     D:9: 1782 daAuts
     D:8: 1686 daAuts
     D:4: 1527 daAuts
     D:6: 1262 daAuts
     D:2: 1092 daAuts
     D:7: 1039 daAuts
     D:5: 958 daAuts
     D:1: 855 daAuts
     D:3: 851 daAuts
    D:10: 256 daAuts
  Temple: 102 daAuts
